 Dungeon Crawl Stone Soup version 0.29.0-4-gdea44cf6ec (webtiles) character file.

Game seed: 9296724517921923520

85181 qw the Severer (level 15, 0/96 HPs)
             Began as a Gargoyle Fighter on Sept 6, 2022.
             Was an Elder of Okawaru.
             Killed by divine providence
             ... invoked by Saint Roka
              (15 damage)
             ... on level 2 of the Orcish Mines.
             The game lasted 00:10:56 (26820 turns).

qw the Severer (Gargoyle Fighter)                  Turns: 26820, Time: 00:10:56

Health: 0/96       AC: 46    Str: 27    XL:     15   Next: 83%
Magic:  24/24      EV: 14    Int:  9    God:    Okawaru [****..]
Gold:   2040       SH: 13    Dex:  9    Spells: 14/14 levels left

rFire   . . .      SeeInvis .   j - +1 broad axe (vorpal)
rCold   + . .      Faith    .   w - +0 kite shield
rNeg    + . .      Spirit   .   n - +11 chain mail of the Frog {+Inv}
rPois   inf        Reflect  .   D - +1 helmet
rElec   +          Harm     .   i - +0 cloak
rCorr   .          Rampage  .   x - +2 pair of gloves
Will    +....                   m - +1 pair of boots
Stlth   ..........              s - amulet of the acrobat
HPRegen 0.26/turn               e - +4 ring of evasion
MPRegen 0.19/turn               v - ring of protection from cold

@: about to teleport, heroic, flying
A: sickness immunity, AC +11, big wings, negative energy resistance 1,
electricity resistance, torment resistance 1, petrification resistance, high MP
1
a: Renounce Religion, Evoke Invisibility, Heroism, Finesse


You were on level 2 of the Orcish Mines.
You worshipped Okawaru.
Okawaru was greatly pleased with you.
You visited 4 branches of the dungeon, and saw 23 of its levels.

You collected 2528 gold pieces.
You spent 488 gold pieces at shops.


Innate Abilities, Weirdness & Mutations

You are immune to sickness and miasma.
Your stone body is resilient. (AC +11)
You are immune to poison.
Your large and strong wings let you fly.
You resist negative energy. (rN+)
You are resistant to electric shocks. (rElec)
You are resistant to unholy torment.
You are immune to petrification.
You have an increased reservoir of magic. (+10% MP)


   Skills:
 - Level 12.0(17.0) Fighting
 + Level 16.3(21.3) Axes
 - Level 6.0(11.0) Throwing
 - Level 11.0(16.0) Armour
 - Level 3.1(8.1) Dodging
 - Level 13.0(18.0) Shields
 - Level 10.0 Invocations


You had 14 spell levels left.
You didn't know any spells.
Your spell library was empty.

Inventory:

Hand Weapons
 j - a +1 vorpal broad axe (weapon)
 A - a +0 hand axe of flaming
Missiles
 u - a javelin
 B - 5 silver boomerangs (quivered)
 C - 5 boomerangs
Armour
 i - a +0 cloak (worn)
 m - a +1 pair of boots (worn)
 n - the +11 chain mail of the Frog (worn) {+Inv}
   (Okawaru gifted it to you on level 5 of the Lair of Beasts)

   +Inv:      It lets you turn invisible.
 w - a +0 kite shield (worn)
 x - a +2 pair of gloves (worn)
 D - a +1 helmet (worn)
Jewellery
 e - a +4 ring of evasion (left hand)
 h - a ring of fire
 l - a ring of fire
 s - an amulet of the acrobat (around neck)
 v - a ring of protection from cold (right hand)
 y - a ring of resist corrosion
Scrolls
 c - 6 scrolls of teleportation
 q - 13 scrolls of identify
 r - 4 scrolls of blinking
Potions
 a - 7 potions of heal wounds
 b - a potion of lignification
 d - 5 potions of might
 g - 4 potions of haste
 k - 5 potions of attraction
 o - a potion of magic
 p - 5 potions of curing
 t - a potion of cancellation
 z - a potion of mutation
 F - a potion of resistance

Dungeon Overview and Level Annotations

Branches:
Dungeon (15/15)            Temple (1/1) D:6            Lair (5/5) D:11
  Swamp (0/4) Lair:3       Spider (0/4) Lair:2        Slime (0/5) Lair:4
    Orc (2/2) D:10            Elf (0/3) Orc:2        Vaults (0/5) D:14
 Depths (0/4) D:15

Altars:
Ashenzari
Cheibriados
Elyvilon
Fedhas
Gozag
Hepliaklqana
Kikubaaqudgha
Makhleb
Nemelex Xobeh
Okawaru
Qazlal
Ru
Sif Muna
Trog
Uskayaw
Vehumet
Wu Jian
Xom
Yredelemnul
Zin
The Shining One
Jiyva

Shops:
D:1 *   D:2 [   D:5 (   D:8 :[(   D:13 ?   D:15 :   Orc:1 *

Portals:
Abyss: D:10
Trove: D:10 (give 7 scrolls of fear)

Annotations:
D:4 2 transporters, qw's ghost, amateur MiBe
D:10 2 transporters, qw's ghost, journeyman GrBe
D:13 3 runed translucent doors
Lair:2 2 transporters, qw's ghost, journeyman GrBe
Orc:2 Saint Roka


Message History

Beogh smites you!
The orc priest casts a cantrip, but nothing happens.
You closely miss Saint Roka.
Saint Roka is moderately wounded.
You hit Saint Roka but do no damage.
Saint Roka is moderately wounded.
Saint Roka mumbles some strange prayers to Beogh against you.
Beogh smites you!
The orc priest calls upon Beogh to heal Saint Roka.
Saint Roka is healed somewhat.
You slice Saint Roka!!
Saint Roka is moderately wounded.
Saint Roka calls down the wrath of Beogh upon you.
Beogh smites you!
You slash Saint Roka!
Saint Roka is heavily wounded.
You closely miss the orc priest. Saint Roka hits you but does no damage.
The orc priest calls down the wrath of Beogh upon you.
You resist with significant effort.
You barely miss Saint Roka.
Saint Roka is heavily wounded.
You closely miss the orc priest. You slash Saint Roka!
Saint Roka is heavily wounded.
You slash the orc priest!
Saint Roka hits you with a +2 war axe of flaming.
Saint Roka burns you.
The orc priest looks encouraged for a moment.
You hit the orc priest but do no damage.
The orc priest is almost dead.
You closely miss Saint Roka.
Saint Roka hits you with a +2 war axe of flaming!!
Saint Roka burns you. The orc priest closely misses you.
26820 ||| READING 7 scrolls of teleportation.
As you read the scroll of teleportation, it crumbles to dust.
You feel strangely unstable.
Saint Roka mumbles some strange prayers to Beogh against you.
Beogh smites you!
You die...

.............#.
....[[......###. .#..#.#
.......#'##.#.#. .......
<......#..#............#
.......#..#...........
[......#..#..........
)......#8.#........#
#......####.....#o.#
#.......[.......@o.#
..........#.)))....#
.........##...)....###
.............#.........
............##..#.#####
...........##...###
##....#.#.####.##
########### ###


You could see Saint Roka and an orc priest (strong).

Vanquished Creatures
  Gastronok (D:8)
  A fire giant (D:15)
  Snorg (D:14)
  Fannar (D:10)
  2 hydras
  A death knight (D:14)
  A boulder beetle (D:13)
  An ogre mage (D:15)
  4 catoblepae (Lair:5)
  7 centaur warriors
  6 two-headed ogres
  10 death yaks
  2 orc high priests (Orc:2)
  A tengu warrior (D:13)
  Nergalle (Lair:2)
  Sonja (Lair:2)
  A fire crab (Lair:5)
  A deep troll (D:14)
  A shadow wraith (D:14)
  A lindwurm (Lair:5)
  4 wizards
  A necromancer (D:10)
  Pikel (D:5)
  2 orc knights
  3 deep elf pyromancers (D:12)
  2 orc sorcerers
  8 ugly things
  5 manticores
  2 cyclopes (D:14)
  12 elephants
  3 black mambas
  A guardian serpent (shapeshifter) (D:14)
  2 torpor snails
  2 molten gargoyles (D:14)
  8 cane toads
  2 rime drakes
  An efreet (D:15)
  10 komodo dragons
  2 kobold demonologists
  A freezing wraith (D:15)
  5 trolls
  2 polar bears
  19 slime creatures
  10 blink frogs
  A jumping spider (Lair:2)
  Sigmund (D:6)
  A culicivora (Lair:2)
  65 yaks
  3 wyverns
  4 wraiths
  2 shadows
  7 basilisks
  A redback (Lair:2)
  18 vampire mosquitoes
  2 steam dragons
  A warg (Orc:1)
  An acid dragon (D:14)
  11 water moccasins
  A swamp drake (Lair:3)
  4 ice beasts
  24 orc warriors
  5 black bears
  14 centaurs
  12 wolves
  8 ogres
  A phantom (D:7)
  8 bullfrogs
  5 scorpions
  4 necrophages
  9 wights
  A hornet simulacrum (D:15)
  6 killer bees (D:9)
  An electric eel (Lair:4)
  7 howler monkeys
  5 lava snakes (D:14)
  8 hounds
  20 orc priests
  A gnoll bouda (Orc:1)
  3 jellies
  12 iguanas
  Terence (D:2)
  Natasha (thrice) (D:3)
  19 orc wizards
  A yak simulacrum (D:10)
  A polar bear simulacrum (D:10)
  2 wolf simulacra (D:10)
  Robin (D:2)
  6 gnolls
  5 adders
  2 river rats (D:3)
  2 shadow imps
  A white imp (D:5)
  2 ufetubi (D:6)
  2 worms
  2 dart slugs
  109 orcs
  6 endoplasms
  2 giant cockroaches
  6 goblins
  7 hobgoblins
  7 jackals (D:1)
  4 kobolds
  7 quokkas
  4 ball pythons
  5 bats
  4 frilled lizards
  9 rats
  7 river rat simulacra (D:10)
657 creatures vanquished.

Vanquished Creatures (others)
  A wizard (D:15)
  26 fungi
  39 plants
66 creatures vanquished.

Grand Total: 723 creatures vanquished

Notes
Turn   | Place    | Note
-------+----------+-------------------------------------------
     0 | D:1      | qw the Gargoyle Fighter began the quest for the Orb.
     0 | D:1      | Reached XP level 1. HP: 14/14 MP: 1/1
     0 | D:1      | 0 ||| qw: Version: 0.1-a-108-g9e35731
     0 | D:1      | 0 ||| qw: Game counter: 6336
     0 | D:1      | 0 ||| qw: Always use a shield: true
     0 | D:1      | 0 ||| qw: God list: Okawaru
     0 | D:1      | 0 ||| qw: Allow faded altars: false
     0 | D:1      | 0 ||| qw: Do Orc after D:15 true
     0 | D:1      | 0 ||| qw: Do second Lair branch before Depths: true
     0 | D:1      | 0 ||| qw: Lair rune preference: random
     0 | D:1      | 0 ||| qw: Plans: Normal, Zot, God:TSO, Crypt, Tomb, Zig,
                  | Orb
     0 | D:1      | 0 ||| PLANNING D:1-11
    33 | D:1      | Found a faded altar of an unknown god.
   138 | D:1      | Found Xepheuch's Assorted Antiques.
   178 | D:1      | Reached skill level 2 in Axes
   516 | D:1      | Reached XP level 2. HP: 19/19 MP: 2/2
   751 | D:1      | 751 ||| Stepping ~*~*~tactically~*~*~ (stealth).
  1098 | D:1      | 1098 ||| BUYING 2 fizzy red potions (46 gold).
  1098 | D:1      | Bought 2 fizzy red potions for 46 gold pieces
  1098 | D:1      | 1098 ||| SHOPLISTING fuming blue potion (23 gold, have 1).
  1098 | D:1      | 1098 ||| SHOPLISTING pair of gloves (117 gold, have 1).
  1098 | D:1      | 1098 ||| SHOPLISTING runed hand axe (156 gold, have 1).
  1098 | D:1      | 1098 ||| SHOPLISTING scroll labelled XIANEVU RAOSK (26
                  | gold, have 1).
  1098 | D:1      | 1098 ||| SHOPLISTING scroll labelled ZUBBABR IFFYAR (26
                  | gold, have 1).
  1328 | D:1      | 1328 ||| UPGRADING to +0 chain mail.
  1338 | D:1      | 1338 ||| DROPPING +0 scale mail.
  1339 | D:1      | 1339 ||| UPGRADING to ring of resist corrosion.
  1340 | D:1      | 1340 ||| READING scroll labelled HOZXEMP VOGGIN.
  1341 | D:1      | 1341 ||| READING scroll labelled PUOQAREGOSH.
  1342 | D:1      | 1342 ||| DROPPING +0 club.
  1343 | D:1      | 1343 ||| READING scroll labelled URIPAW POUQIU.
  1344 | D:1      | 1344 ||| DRINKING 3 fizzy red potions.
  1408 | D:2      | 1408 ||| Stepping ~*~*~tactically~*~*~ (stealth).
  1417 | D:2      | Reached skill level 3 in Axes
  1417 | D:2      | Reached XP level 3. HP: 16/23 MP: 3/3
  1417 | D:2      | 1417 ||| Stepping ~*~*~tactically~*~*~ (stealth).
  1432 | D:2      | 1432 ||| FLEEEEING.
  1433 | D:2      | 1433 ||| STAIRDANCE
  1630 | D:2      | Noticed Robin
  1631 | D:2      | 1631 ||| Stepping ~*~*~tactically~*~*~ (hiding).
  1636 | D:2      | Reached XP level 4. HP: 28/28 MP: 4/4
  1646 | D:2      | Killed Robin
  1647 | D:2      | Reached skill level 4 in Axes
  1684 | D:2      | 1684 ||| Stepping ~*~*~tactically~*~*~ (stealth).
  2200 | D:2      | Found Enahirol's Armour Shop.
  2212 | D:2      | 2212 ||| SHOPLISTING +3 ring mail of fire resistance (364
                  | gold, have 15).
  2212 | D:2      | 2212 ||| SHOPLISTING scarf of resistance (448 gold, have
                  | 15).
  2296 | D:2      | Noticed Terence
  2303 | D:2      | Killed Terence
  2304 | D:2      | Reached XP level 5. HP: 26/32 MP: 5/5
  2594 | D:2      | 2594 ||| UPGRADING to +0 helmet.
  2599 | D:2      | 2599 ||| READING scroll labelled XIANEVU RAOSK.
  2600 | D:2      | 2600 ||| READING scroll labelled SAWKORRAGGEMAI.
  2601 | D:2      | 2601 ||| READING scroll labelled OJOKINK ZIOMO.
  2602 | D:2      | 2602 ||| READING scroll labelled AMEURI REDADOI.
  2603 | D:2      | 2603 ||| DRINKING 2 smoky cyan potions.
  2636 | D:3      | 2636 ||| PLANNING SEWER
  2842 | D:3      | 2842 ||| Stepping ~*~*~tactically~*~*~ (stealth).
  2846 | D:3      | 2846 ||| Stepping ~*~*~tactically~*~*~ (stealth).
  2876 | D:3      | 2876 ||| Stepping ~*~*~tactically~*~*~ (stealth).
  2877 | D:3      | 2877 ||| Stepping ~*~*~tactically~*~*~ (stealth).
  2878 | D:3      | 2878 ||| Stepping ~*~*~tactically~*~*~ (stealth).
  2927 | D:3      | Noticed Natasha
  2929 | D:3      | 2929 ||| Stepping ~*~*~tactically~*~*~ (hiding).
  2937 | D:3      | Killed Natasha
  2938 | D:3      | Reached skill level 5 in Axes
  2943 | D:3      | 2943 ||| Stepping ~*~*~tactically~*~*~ (stealth).
  3098 | D:3      | Noticed Natasha
  3099 | D:3      | 3099 ||| Stepping ~*~*~tactically~*~*~ (stealth).
  3101 | D:3      | 3101 ||| Stepping ~*~*~tactically~*~*~ (hiding).
  3102 | D:3      | 3102 ||| Stepping ~*~*~tactically~*~*~ (hiding).
  3108 | D:3      | Killed Natasha
  3293 | D:3      | 3293 ||| RIP SEWER
  3311 | D:3      | 3311 ||| PLANNING D:1-11
  3389 | D:3      | Noticed Natasha
  3395 | D:3      | Killed Natasha
  3486 | D:3      | Reached XP level 6. HP: 38/38 MP: 6/6
  3589 | D:3      | 3589 ||| UPGRADING to +0 cloak.
  3594 | D:3      | 3594 ||| UPGRADING to +0 pair of boots.
  3599 | D:3      | 3599 ||| READING scroll labelled HYTESOPPIA.
  3743 | D:4      | 3743 ||| Stepping ~*~*~tactically~*~*~ (stealth).
  3784 | D:4      | Found a transporter.
  3897 | D:4      | Reached skill level 6 in Axes
  3945 | D:4      | 3945 ||| FLEEEEING.
  3946 | D:4      | 3946 ||| FLEEEEING.
  3947 | D:4      | 3947 ||| FLEEEEING.
  3948 | D:4      | 3948 ||| FLEEEEING.
  4050 | D:4      | Found a transporter.
  4059 | D:4      | Found an ornate altar of the Wu Jian Council.
  4068 | D:4      | Reached skill level 1 in Dodging
  4068 | D:4      | Reached XP level 7. HP: 43/43 MP: 7/7
  4144 | D:4      | Noticed qw's ghost (amateur MiBe)
  4380 | D:4      | 4380 ||| READING scroll labelled ZUBBABR IFFYAR.
  4385 | D:4      | 4385 ||| READING 2 scrolls labelled NAMMIR SORU.
  4386 | D:4      | 4386 ||| READING scroll labelled PARHOECOPP.
  4411 | D:5      | Entered Level 5 of the Dungeon
  4421 | D:5      | 4421 ||| Stepping ~*~*~tactically~*~*~ (hiding).
  4423 | D:5      | 4423 ||| Stepping ~*~*~tactically~*~*~ (hiding).
  4615 | D:5      | Reached skill level 7 in Axes
  4685 | D:5      | Noticed Pikel
  4694 | D:5      | Killed Pikel
  4695 | D:5      | Reached XP level 8. HP: 39/53 MP: 8/8
  4796 | D:5      | Noticed a wraith
  4806 | D:5      | Killed a wraith
  5314 | D:5      | Found Qajamak's Antique Weapon Shop.
  5447 | D:5      | Reached skill level 8 in Axes
  5661 | D:5      | 5661 ||| DROPPING scarf of harm.
  5662 | D:5      | 5662 ||| DROPPING +6 ring of intelligence.
  5663 | D:5      | 5663 ||| READING scroll labelled PYAFUG YGRASCH.
  5664 | D:5      | 5664 ||| DRINKING 2 bubbling brown potions.
  5665 | D:5      | 5665 ||| READING 2 scrolls of identify.
  5665 | D:5      | 5665 ||| IDENTIFYING golden potion
  5666 | D:5      | 5666 ||| DROPPING potion of magic.
  5771 | D:6      | Found a stormy altar of Qazlal.
  5812 | D:6      | Reached XP level 9. HP: 54/57 MP: 9/9
  5820 | D:6      | Reached skill level 9 in Axes
  5839 | D:6      | Found a shimmering altar of Xom.
  6092 | D:6      | 6092 ||| Stepping ~*~*~tactically~*~*~ (cloud).
  6093 | D:6      | 6093 ||| Stepping ~*~*~tactically~*~*~ (cloud).
  6124 | D:6      | 6124 ||| FLEEEEING.
  6125 | D:6      | 6125 ||| FLEEEEING.
  6225 | D:6      | 6225 ||| FLEEEEING.
  6226 | D:6      | 6226 ||| STAIRDANCE
  6279 | D:5      | 6279 ||| UPGRADING to amulet of the acrobat.
  6293 | D:6      | Identified the +6 leather armour of Rationality {rC+}
  6318 | D:6      | Found a staircase to the Ecumenical Temple.
  6319 | D:6      | 6319 ||| PLANNING TEMPLE
  6324 | Temple   | Entered the Ecumenical Temple
  6351 | Temple   | Became a worshipper of Warmaster Okawaru
  6353 | Temple   | 6353 ||| PLANNING D:1-11
  6373 | D:6      | Found a sparkling altar of Nemelex Xobeh.
  6687 | D:6      | Reached skill level 10 in Axes
  6780 | D:6      | Reached * piety under Okawaru
  6865 | D:6      | Noticed Sigmund
  6866 | D:6      | 6866 ||| INVOKING Heroism.
  6873 | D:6      | Killed Sigmund
  6874 | D:6      | Reached skill level 6 in Armour
  6903 | D:7      | 6903 ||| INVOKING Heroism.
  6906 | D:7      | 6906 ||| STAIRDANCE
  6923 | D:7      | 6923 ||| INVOKING Heroism.
  6979 | D:7      | Reached skill level 1 in Invocations
  6979 | D:7      | Reached XP level 10. HP: 60/63 MP: 10/10
  7207 | D:7      | Found a burning altar of Makhleb.
  7228 | D:7      | 7228 ||| INVOKING Heroism.
  7660 | D:7      | Found a blossoming altar of Fedhas.
  7667 | D:7      | Reached skill level 3 in Invocations
  7670 | D:7      | 7670 ||| UPGRADING to ring of protection from cold.
  7671 | D:7      | 7671 ||| READING 3 scrolls of identify.
  7671 | D:7      | 7671 ||| IDENTIFYING black potion
  7672 | D:7      | 7672 ||| READING 2 scrolls of identify.
  7672 | D:7      | 7672 ||| IDENTIFYING dark potion
  7673 | D:7      | 7673 ||| DROPPING potion of degeneration.
  7707 | D:8      | 7707 ||| INVOKING Heroism.
  7709 | D:8      | 7709 ||| STAIRDANCE
  7725 | D:8      | 7725 ||| STAIRDANCE
  7773 | D:8      | 7773 ||| STAIRDANCE
  7850 | D:8      | 7850 ||| Stepping ~*~*~tactically~*~*~ (hiding).
  7853 | D:8      | 7853 ||| Stepping ~*~*~tactically~*~*~ (hiding).
  7856 | D:8      | 7856 ||| INVOKING Heroism.
  7873 | D:8      | 7873 ||| INVOKING Heroism.
  7880 | D:8      | Noticed Gastronok
  7885 | D:8      | 7885 ||| Stepping ~*~*~tactically~*~*~ (hiding).
  7898 | D:8      | 7898 ||| INVOKING Heroism.
  7908 | D:8      | Killed Gastronok
  7908 | D:8      | Reached ** piety under Okawaru
  7909 | D:8      | Reached skill level 11 in Axes
  8124 | D:8      | Found Eretanib's Antique Weapon Boutique.
  8182 | D:8      | Found Antacokaa's Antique Armour Shoppe.
  8195 | D:8      | 8195 ||| BUYING kite shield (112 gold).
  8195 | D:8      | Bought a kite shield for 112 gold pieces
  8195 | D:8      | 8195 ||| BUYING pair of runed gloves (187 gold).
  8195 | D:8      | Bought a pair of runed gloves for 187 gold pieces
  8195 | D:8      | 8195 ||| SHOPLISTING runed chain mail (187 gold, have 48).
  8227 | D:8      | Found a snail-covered altar of Cheibriados.
  8568 | D:8      | Found Motuacsy's Tremendous Tomes.
  8619 | D:8      | 8619 ||| UPGRADING to +0 kite shield.
  8629 | D:8      | 8629 ||| DROPPING +0 buckler.
  8630 | D:8      | 8630 ||| UPGRADING to +1 pair of gloves.
  8635 | D:8      | 8635 ||| DRINKING 2 bubbling inky potions.
  8636 | D:8      | 8636 ||| DROPPING potion of flight.
  8701 | D:9      | 8701 ||| Stepping ~*~*~tactically~*~*~ (hiding).
  8705 | D:9      | 8705 ||| INVOKING Heroism.
  8794 | D:9      | 8794 ||| Stepping ~*~*~tactically~*~*~ (stealth).
  8797 | D:9      | 8797 ||| Stepping ~*~*~tactically~*~*~ (stealth).
  8799 | D:9      | 8799 ||| INVOKING Heroism.
  8806 | D:9      | Reached skill level 6 in Shields
  8841 | D:9      | Found a burning altar of Makhleb.
  8865 | D:9      | 8865 ||| INVOKING Heroism.
  8866 | D:9      | 8866 ||| Stepping ~*~*~tactically~*~*~ (cloud).
  8868 | D:9      | 8868 ||| Stepping randomly (cloudy).
  8872 | D:9      | Reached XP level 11. HP: 40/68 MP: 11/14
  9181 | D:9      | Identified the +4 dagger "Ox" {vorpal, rF+}
  9233 | D:9      | Found a hazy altar of Hepliaklqana.
  9272 | D:9      | Noticed a +0 dagger
  9273 | D:9      | Noticed a +0 hand axe
  9281 | D:9      | 9281 ||| INVOKING Heroism.
  9391 | D:9      | Found a hide-covered altar of Uskayaw.
  9445 | D:9      | Reached *** piety under Okawaru
  9584 | D:9      | Found a bloodstained altar of Trog.
  9591 | D:9      | Found an ancient bone altar of Kikubaaqudgha.
  9594 | D:9      | Found a shimmering blue altar of Sif Muna.
  9596 | D:9      | Found a radiant altar of Vehumet.
  9636 | D:9      | 9636 ||| READING scroll labelled ZIQOKHL UCLASS.
  9637 | D:9      | 9637 ||| READING 3 scrolls of identify.
  9637 | D:9      | 9637 ||| IDENTIFYING ruby potion
  9638 | D:9      | 9638 ||| READING 2 scrolls of identify.
  9638 | D:9      | 9638 ||| IDENTIFYING fuming blue potion
  9639 | D:9      | 9639 ||| DROPPING potion of berserk rage.
  9640 | D:9      | 9640 ||| DROPPING potion of brilliance.
  9649 | D:10     | Entered Level 10 of the Dungeon
  9652 | D:10     | Noticed a necromancer
  9653 | D:10     | 9653 ||| Stepping ~*~*~tactically~*~*~ (hiding).
  9659 | D:10     | Killed a necromancer
  9771 | D:10     | 9771 ||| READING scroll of brand weapon.
  9771 | D:10     | 9771 ||| BRANDING +1 war axe of flaming.
  9776 | D:10     | 9776 ||| INVOKING Heroism.
  9820 | D:10     | Reached skill level 9 in Shields
  9893 | D:10     | 9893 ||| Stepping ~*~*~tactically~*~*~ (stealth).
  9942 | D:10     | Found an opulent altar of Gozag.
 10019 | D:10     | Noticed Fannar
 10037 | D:10     | Killed Fannar
 10178 | D:10     | Found a one-way gate to the infinite horrors of the Abyss.
 10178 | D:10     | Noticed qw's ghost (journeyman GrBe)
 10189 | D:10     | 10189 ||| READING scroll of enchant armour.
 10189 | D:10     | 10189 ||| ENCHANTING +1 pair of gloves.
 10219 | D:10     | 10219 ||| Stepping ~*~*~tactically~*~*~ (hiding).
 10222 | D:10     | 10222 ||| INVOKING Heroism.
 10367 | D:10     | Found a transporter.
 10373 | D:10     | Found a transporter.
 10418 | D:10     | Found a portal to a secret trove of treasure.
 10464 | D:10     | Noticed a rakshasa
 10503 | D:10     | 10503 ||| INVOKING Heroism.
 10507 | D:10     | 10507 ||| Stepping ~*~*~tactically~*~*~ (hiding).
 10524 | D:10     | 10524 ||| Stepping ~*~*~tactically~*~*~ (stealth).
 10533 | D:10     | 10533 ||| INVOKING Heroism.
 10544 | D:10     | 10544 ||| Stepping ~*~*~tactically~*~*~ (stealth).
 10558 | D:10     | 10558 ||| DROPPING +0 club.
 10565 | D:10     | 10565 ||| INVOKING Heroism.
 10588 | D:10     | 10588 ||| DROPPING +0 flail.
 10594 | D:10     | Found a staircase to the Orcish Mines.
 10596 | D:10     | 10596 ||| Stepping ~*~*~tactically~*~*~ (hiding).
 10600 | D:10     | 10600 ||| INVOKING Heroism.
 10645 | D:10     | 10645 ||| DROPPING +0 ring mail of poison resistance.
 10646 | D:10     | 10646 ||| UPGRADING to +0 plate armour.
 10656 | D:10     | 10656 ||| DROPPING +0 chain mail.
 10712 | D:11     | Noticed a white ugly thing
 10715 | D:11     | 10715 ||| STAIRDANCE
 10717 | D:10     | 10717 ||| INVOKING Heroism.
 10727 | D:10     | Killed a white ugly thing
 10728 | D:10     | Reached skill level 1 in Throwing
 10973 | D:11     | Noticed a green ugly thing
 10974 | D:11     | 10974 ||| Stepping ~*~*~tactically~*~*~ (stealth).
 10993 | D:11     | Killed a green ugly thing
 11005 | D:11     | Noticed a six-headed hydra
 11006 | D:11     | 11006 ||| INVOKING Heroism.
 11007 | D:11     | 11007 ||| SWAPPING to +0 hand axe of flaming.
 11014 | D:11     | Killed a one-headed hydra
 11014 | D:11     | Reached **** piety under Okawaru
 11015 | D:11     | 11015 ||| SWAPPING to +1 war axe of venom.
 11068 | D:11     | Noticed a two-headed ogre
 11069 | D:11     | 11069 ||| INVOKING Heroism.
 11070 | D:11     | Noticed a cyan ugly thing
 11076 | D:11     | Killed a two-headed ogre
 11086 | D:11     | Killed a cyan ugly thing
 11325 | D:11     | 11325 ||| INVOKING Heroism.
 11334 | D:11     | 11334 ||| Stepping ~*~*~tactically~*~*~ (hiding).
 11485 | D:11     | 11485 ||| Stepping ~*~*~tactically~*~*~ (stealth).
 11487 | D:11     | 11487 ||| INVOKING Heroism.
 11610 | D:11     | Found a staircase to the Lair.
 11611 | D:11     | 11611 ||| INVOKING Heroism.
 11831 | D:11     | 11831 ||| PLANNING LAIR
 11831 | D:11     | 11831 ||| UPGRADING to +4 ring of evasion.
 11833 | D:11     | 11833 ||| DROPPING ring of ice.
 11834 | D:11     | 11834 ||| DROPPING ring of resist corrosion.
 11834 | D:11     | Noticed a green ugly thing
 11835 | D:11     | 11835 ||| Stepping ~*~*~tactically~*~*~ (stealth).
 11836 | D:11     | 11836 ||| READING scroll labelled TUROOT ONEZEI.
 11846 | D:11     | Killed a green ugly thing
 11847 | D:11     | Reached skill level 9 in Fighting
 11847 | D:11     | Reached XP level 12. HP: 76/76 MP: 16/16
 11858 | Lair:1   | Entered Level 1 of the Lair of Beasts
 11923 | Lair:1   | Reached ***** piety under Okawaru
 11927 | Lair:1   | Reached skill level 6 in Invocations
 12011 | Lair:1   | 12011 ||| INVOKING Heroism.
 12022 | Lair:1   | 12022 ||| Stepping ~*~*~tactically~*~*~ (stealth).
 12023 | Lair:1   | 12023 ||| Stepping ~*~*~tactically~*~*~ (stealth).
 12024 | Lair:1   | 12024 ||| Stepping ~*~*~tactically~*~*~ (stealth).
 12025 | Lair:1   | 12025 ||| Stepping ~*~*~tactically~*~*~ (stealth).
 12312 | Lair:1   | 12312 ||| Stepping ~*~*~tactically~*~*~ (stealth).
 12315 | Lair:1   | 12315 ||| Stepping ~*~*~tactically~*~*~ (stealth).
 12319 | Lair:1   | Reached skill level 9 in Armour
 12319 | Lair:1   | 12319 ||| Stepping ~*~*~tactically~*~*~ (stealth).
 12320 | Lair:1   | 12320 ||| Stepping ~*~*~tactically~*~*~ (stealth).
 12389 | Lair:1   | 12389 ||| Stepping ~*~*~tactically~*~*~ (stealth).
 12390 | Lair:1   | 12390 ||| INVOKING Heroism.
 12401 | Lair:1   | 12401 ||| INVOKING Heroism.
 12441 | Lair:1   | 12441 ||| INVOKING Heroism.
 12551 | Lair:1   | 12551 ||| Stepping ~*~*~tactically~*~*~ (hiding).
 12682 | Lair:1   | Identified the +3 falchion "Ucwu" {vorpal, rC+ Will+}
 12846 | Lair:1   | 12846 ||| DRINKING 2 fizzy blue potions.
 12847 | Lair:1   | 12847 ||| DRINKING 2 lumpy silvery potions.
 12847 | Lair:1   | Gained mutation: You have an increased reservoir of magic.
                  | (+10% MP) [potion of mutation]
 12860 | Lair:1   | 12860 ||| DROPPING potion of invisibility.
 12955 | Lair:2   | Found a transporter.
 12971 | Lair:2   | Found a transporter.
 12997 | Lair:2   | Noticed Nergalle
 12998 | Lair:2   | 12998 ||| Stepping ~*~*~tactically~*~*~ (hiding).
 12999 | Lair:2   | 12999 ||| INVOKING Heroism.
 13011 | Lair:2   | Killed Nergalle
 13309 | Lair:2   | 13309 ||| INVOKING Heroism.
 13367 | Lair:2   | 13367 ||| FLEEEEING.
 13369 | Lair:2   | 13369 ||| INVOKING Heroism.
 13418 | Lair:2   | Noticed Sonja
 13419 | Lair:2   | 13419 ||| Stepping ~*~*~tactically~*~*~ (hiding).
 13420 | Lair:2   | 13420 ||| Stepping ~*~*~tactically~*~*~ (hiding).
 13423 | Lair:2   | 13423 ||| INVOKING Heroism.
 13424 | Lair:2   | 13424 ||| INVOKING Finesse.
 13433 | Lair:2   | Killed Sonja
 13671 | Lair:2   | Noticed qw's ghost (journeyman GrBe)
 13765 | Lair:2   | 13765 ||| Stepping ~*~*~tactically~*~*~ (stealth).
 13879 | Lair:2   | Found a hole to the Spider Nest.
 13894 | Lair:2   | 13894 ||| INVOKING Heroism.
 14236 | Lair:2   | 14236 ||| DROPPING ring of flight.
 14237 | Lair:2   | 14237 ||| READING scroll labelled YSERON BUGEO.
 14338 | Lair:2   | 14338 ||| READING scroll labelled MUCLES KEALEHO.
 14339 | Lair:2   | 14339 ||| READING 2 scrolls of identify.
 14339 | Lair:2   | 14339 ||| IDENTIFYING orange potion
 14340 | Lair:2   | 14340 ||| DROPPING potion of ambrosia.
 14371 | Lair:3   | 14371 ||| PLANNING GAUNTLET
 14371 | Lair:3   | 14371 ||| INVOKING Heroism.
 14375 | Lair:3   | 14375 ||| STAIRDANCE
 14379 | Lair:2   | Reached skill level 12 in Axes
 14388 | Lair:3   | 14388 ||| STAIRDANCE
 14393 | Lair:2   | Reached skill level 9 in Invocations
 14405 | Lair:3   | 14405 ||| STAIRDANCE
 14538 | Lair:3   | 14538 ||| INVOKING Heroism.
 14551 | Lair:3   | Received a gift from Okawaru
 14652 | Lair:3   | 14652 ||| INVOKING Heroism.
 14680 | Lair:3   | Reached XP level 13. HP: 65/80 MP: 22/22
 14765 | Lair:3   | 14765 ||| INVOKING Heroism.
 14853 | Lair:3   | 14853 ||| RIP GAUNTLET
 14872 | Lair:3   | 14872 ||| PLANNING LAIR
 15012 | Lair:3   | Found a staircase to the Swamp.
 15148 | Lair:3   | 15148 ||| Stepping ~*~*~tactically~*~*~ (stealth).
 15150 | Lair:3   | 15150 ||| INVOKING Heroism.
 15151 | Lair:3   | 15151 ||| Stepping ~*~*~tactically~*~*~ (stealth).
 15246 | Lair:3   | 15246 ||| INVOKING Heroism.
 15293 | Lair:3   | 15293 ||| INVOKING Heroism.
 15492 | Lair:3   | 15492 ||| UPGRADING to +0 pair of boots of flying.
 15502 | Lair:3   | 15502 ||| DROPPING +0 pair of boots.
 15503 | Lair:3   | 15503 ||| DRINKING 4 glowing puce potions.
 15634 | Lair:4   | 15634 ||| INVOKING Heroism.
 15697 | Lair:4   | 15697 ||| FLEEEEING.
 15698 | Lair:4   | 15698 ||| INVOKING Heroism.
 15699 | Lair:4   | 15699 ||| INVOKING Finesse.
 15865 | Lair:4   | Found a viscous altar of Jiyva.
 15893 | Lair:4   | 15893 ||| INVOKING Heroism.
 15905 | Lair:4   | Reached skill level 13 in Axes
 16143 | Lair:4   | 16143 ||| INVOKING Heroism.
 16201 | Lair:4   | You are sucked into a shaft and drop 1 floor!
 16201 | Lair:5   | Entered Level 5 of the Lair of Beasts
 16202 | Lair:5   | 16202 ||| INVOKING Heroism.
 16364 | Lair:5   | 16364 ||| READING scroll labelled JOQOYT FETIC.
 16364 | Lair:5   | Identified a scroll of acquirement
 16372 | Lair:5   | 16372 ||| INVOKING Heroism.
 16404 | Lair:5   | 16404 ||| READING scroll of acquirement.
 16404 | Lair:5   | 16404 ||| ACQUIRING +0 vorpal broad axe
 16404 | Lair:5   | Acquired a +0 vorpal broad axe
 16406 | Lair:5   | 16406 ||| SWAPPING to +0 vorpal broad axe.
 16407 | Lair:5   | 16407 ||| DROPPING +1 war axe of venom.
 16423 | Lair:4   | Found a staircase to the Slime Pits.
 16904 | Lair:5   | 16904 ||| Stepping ~*~*~tactically~*~*~ (stealth).
 16907 | Lair:5   | 16907 ||| INVOKING Heroism.
 16921 | Lair:5   | Identified the +11 chain mail of the Frog {+Inv} (Okawaru
                  | gifted it to you on level 5 of the Lair of Beasts)
 16921 | Lair:5   | Received a gift from Okawaru
 17055 | Lair:5   | 17055 ||| Stepping ~*~*~tactically~*~*~ (stealth).
 17057 | Lair:5   | 17057 ||| INVOKING Heroism.
 17058 | Lair:5   | 17058 ||| INVOKING Finesse.
 17060 | Lair:5   | 17060 ||| SWAPPING to +0 hand axe of flaming.
 17067 | Lair:5   | 17067 ||| SWAPPING to +0 vorpal broad axe.
 17102 | Lair:5   | 17102 ||| INVOKING Heroism.
 17103 | Lair:5   | 17103 ||| INVOKING Finesse.
 17138 | Lair:5   | Reached skill level 14 in Axes
 17243 | Lair:5   | 17243 ||| Stepping ~*~*~tactically~*~*~ (stealth).
 17246 | Lair:5   | 17246 ||| Stepping ~*~*~tactically~*~*~ (stealth).
 17247 | Lair:5   | 17247 ||| Stepping ~*~*~tactically~*~*~ (stealth).
 17252 | Lair:5   | 17252 ||| Stepping ~*~*~tactically~*~*~ (stealth).
 17260 | Lair:5   | Gained mutation: Your large and strong wings let you fly.
                  | [Gargoyle growth]
 17260 | Lair:5   | Reached XP level 14. HP: 82/88 MP: 23/23
 17348 | Lair:5   | 17348 ||| INVOKING Heroism.
 17702 | Lair:5   | 17702 ||| Stepping ~*~*~tactically~*~*~ (hiding).
 17704 | Lair:5   | 17704 ||| INVOKING Heroism.
 17706 | Lair:5   | 17706 ||| INVOKING Finesse.
 17762 | Lair:5   | 17762 ||| Stepping ~*~*~tactically~*~*~ (stealth).
 17763 | Lair:5   | 17763 ||| Stepping ~*~*~tactically~*~*~ (stealth).
 17764 | Lair:5   | 17764 ||| Stepping ~*~*~tactically~*~*~ (stealth).
 17765 | Lair:5   | 17765 ||| INVOKING Heroism.
 17766 | Lair:5   | 17766 ||| INVOKING Finesse.
 17857 | Lair:5   | 17857 ||| Stepping ~*~*~tactically~*~*~ (hiding).
 17863 | Lair:5   | 17863 ||| Stepping ~*~*~tactically~*~*~ (stealth).
 17866 | Lair:5   | 17866 ||| INVOKING Heroism.
 17929 | Lair:5   | 17929 ||| Stepping ~*~*~tactically~*~*~ (stealth).
 17930 | Lair:5   | 17930 ||| INVOKING Heroism.
 17932 | Lair:5   | 17932 ||| INVOKING Finesse.
 17933 | Lair:5   | 17933 ||| INVOKING Finesse.
 18000 | Lair:5   | 18000 ||| INVOKING Heroism.
 18001 | Lair:5   | 18001 ||| INVOKING Finesse.
 18004 | Lair:5   | 18004 ||| Stepping ~*~*~tactically~*~*~ (stealth).
 18009 | Lair:5   | 18009 ||| Stepping ~*~*~tactically~*~*~ (stealth).
 18019 | Lair:5   | Reached skill level 12 in Shields
 18020 | Lair:5   | 18020 ||| Stepping ~*~*~tactically~*~*~ (stealth).
 18023 | Lair:5   | 18023 ||| Stepping ~*~*~tactically~*~*~ (stealth).
 18124 | Lair:5   | 18124 ||| INVOKING Heroism.
 18125 | Lair:5   | 18125 ||| INVOKING Finesse.
 18172 | Lair:5   | Identified the +5 plate armour "Ynimmoz" {rElec rCorr MP-9}
 18233 | Lair:5   | 18233 ||| INVOKING Heroism.
 18234 | Lair:5   | 18234 ||| INVOKING Finesse.
 18516 | Lair:5   | 18516 ||| PLANNING D
 18516 | Lair:5   | 18516 ||| UPGRADING to +1 pair of boots.
 18526 | Lair:5   | 18526 ||| DROPPING +0 pair of boots of flying.
 18527 | Lair:5   | 18527 ||| UPGRADING to +11 chain mail of the Frog {+Inv}.
 18537 | Lair:5   | 18537 ||| DROPPING +5 plate armour "Ynimmoz" {rElec rCorr
                  | MP-9}.
 18538 | Lair:5   | 18538 ||| DROPPING +0 plate armour.
 18751 | D:12     | 18751 ||| INVOKING Heroism.
 18909 | D:12     | 18909 ||| INVOKING Heroism.
 18912 | D:12     | Received a gift from Okawaru
 18986 | D:12     | 18986 ||| Stepping ~*~*~tactically~*~*~ (hiding).
 19041 | D:12     | 19041 ||| Stepping ~*~*~tactically~*~*~ (hiding).
 19050 | D:12     | 19050 ||| Stepping ~*~*~tactically~*~*~ (hiding).
 19175 | D:12     | Reached skill level 15 in Axes
 19222 | D:12     | Received a gift from Okawaru
 19259 | D:12     | 19259 ||| DROPPING +2 war axe of distortion.
 19567 | D:13     | 19567 ||| Stepping ~*~*~tactically~*~*~ (hiding).
 19568 | D:13     | 19568 ||| Stepping ~*~*~tactically~*~*~ (hiding).
 19705 | D:13     | 19705 ||| INVOKING Heroism.
 19707 | D:13     | 19707 ||| READING 4 scrolls of teleportation.
 19715 | D:13     | 19715 ||| FLEEEEING.
 19716 | D:13     | 19716 ||| FLEEEEING.
 19717 | D:13     | 19717 ||| FLEEEEING.
 20030 | D:13     | 20030 ||| INVOKING Heroism.
 20031 | D:13     | 20031 ||| INVOKING Finesse.
 20040 | D:13     | 20040 ||| Stepping ~*~*~tactically~*~*~ (hiding).
 20041 | D:13     | 20041 ||| Stepping ~*~*~tactically~*~*~ (hiding).
 20118 | D:13     | 20118 ||| INVOKING Heroism.
 20125 | D:13     | Reached skill level 12 in Fighting
 20162 | D:13     | Found a runed translucent door.
 20198 | D:13     | 20198 ||| Stepping ~*~*~tactically~*~*~ (hiding).
 20200 | D:13     | 20200 ||| INVOKING Heroism.
 20231 | D:13     | Found a runed translucent door.
 20233 | D:13     | Found a runed translucent door.
 20494 | D:13     | Found Ecsadith's Magic Scroll Emporium.
 20500 | D:13     | 20500 ||| BUYING scroll of identify (22 gold).
 20500 | D:13     | Bought a scroll of identify for 22 gold pieces
 20500 | D:13     | 20500 ||| BUYING scroll of identify (22 gold).
 20500 | D:13     | Bought a scroll of identify for 22 gold pieces
 20500 | D:13     | 20500 ||| BUYING scroll of identify (22 gold).
 20500 | D:13     | Bought a scroll of identify for 22 gold pieces
 20500 | D:13     | 20500 ||| BUYING scroll of identify (22 gold).
 20500 | D:13     | Bought a scroll of identify for 22 gold pieces
 20500 | D:13     | 20500 ||| BUYING scroll of identify (22 gold).
 20500 | D:13     | Bought a scroll of identify for 22 gold pieces
 20500 | D:13     | 20500 ||| BUYING scroll of teleportation (33 gold).
 20500 | D:13     | Bought a scroll of teleportation for 33 gold pieces
 20502 | D:13     | 20502 ||| Stepping ~*~*~tactically~*~*~ (hiding).
 20511 | D:13     | Reached skill level 3 in Dodging
 20785 | D:13     | 20785 ||| INVOKING Heroism.
 21060 | D:13     | Reached XP level 15. HP: 86/96 MP: 24/24
 21068 | D:13     | Received a gift from Okawaru
 21210 | D:13     | You are sucked into a shaft and drop 2 floors!
 21210 | D:15     | Entered Level 15 of the Dungeon
 21210 | D:15     | Found Xeosmeg's Book Emporium.
 21220 | D:14     | 21220 ||| Stepping ~*~*~tactically~*~*~ (stealth).
 21221 | D:14     | 21221 ||| Stepping ~*~*~tactically~*~*~ (stealth).
 21223 | D:14     | 21223 ||| Stepping ~*~*~tactically~*~*~ (hiding).
 21254 | D:14     | 21254 ||| Stepping ~*~*~tactically~*~*~ (hiding).
 21255 | D:14     | 21255 ||| Stepping ~*~*~tactically~*~*~ (hiding).
 21472 | D:14     | 21472 ||| INVOKING Heroism.
 21579 | D:14     | Noticed Snorg
 21580 | D:14     | 21580 ||| INVOKING Finesse.
 21588 | D:14     | Killed Snorg
 21593 | D:14     | 21593 ||| INVOKING Heroism.
 21596 | D:14     | Reached skill level 3 in Throwing
 22116 | D:14     | 22116 ||| Stepping ~*~*~tactically~*~*~ (hiding).
 22118 | D:14     | 22118 ||| Stepping ~*~*~tactically~*~*~ (hiding).
 22119 | D:14     | 22119 ||| Stepping ~*~*~tactically~*~*~ (hiding).
 22715 | D:14     | 22715 ||| Stepping ~*~*~tactically~*~*~ (hiding).
 22716 | D:14     | 22716 ||| Stepping ~*~*~tactically~*~*~ (hiding).
 22723 | D:14     | 22723 ||| INVOKING Heroism.
 22731 | D:14     | 22731 ||| Stepping ~*~*~tactically~*~*~ (hiding).
 22732 | D:14     | 22732 ||| Stepping ~*~*~tactically~*~*~ (hiding).
 22743 | D:14     | Received a gift from Okawaru
 22817 | D:14     | 22817 ||| INVOKING Heroism.
 22895 | D:14     | Found a gate to the Vaults.
 22901 | D:14     | 22901 ||| READING scroll of enchant weapon.
 22901 | D:14     | 22901 ||| ENCHANTING +0 vorpal broad axe.
 23368 | D:15     | Found a broken altar of Ashenzari.
 23487 | D:15     | Noticed a fire giant
 23488 | D:15     | 23488 ||| Stepping ~*~*~tactically~*~*~ (hiding).
 23495 | D:15     | 23495 ||| INVOKING Heroism.
 23496 | D:15     | 23496 ||| INVOKING Finesse.
 23509 | D:15     | Killed a fire giant
 23509 | D:15     | Received a gift from Okawaru
 23780 | D:15     | Found a staircase to the Depths.
 23823 | D:15     | 23823 ||| Stepping ~*~*~tactically~*~*~ (hiding).
 23833 | D:15     | 23833 ||| Stepping ~*~*~tactically~*~*~ (hiding).
 23840 | D:15     | 23840 ||| INVOKING Heroism.
 23951 | D:15     | 23951 ||| Stepping ~*~*~tactically~*~*~ (hiding).
 23952 | D:15     | 23952 ||| Stepping ~*~*~tactically~*~*~ (hiding).
 23962 | D:15     | 23962 ||| INVOKING Heroism.
 23977 | D:15     | Reached skill level 6 in Throwing
 23982 | D:15     | Received a gift from Okawaru
 24157 | D:15     | 24157 ||| FLEEEEING.
 24300 | D:15     | 24300 ||| Stepping ~*~*~tactically~*~*~ (hiding).
 24301 | D:15     | 24301 ||| Stepping ~*~*~tactically~*~*~ (hiding).
 24303 | D:15     | 24303 ||| Stepping ~*~*~tactically~*~*~ (hiding).
 24307 | D:15     | 24307 ||| INVOKING Heroism.
 24313 | D:15     | Reached skill level 16 in Axes
 24321 | D:15     | Received a gift from Okawaru
 24361 | D:15     | 24361 ||| Stepping ~*~*~tactically~*~*~ (stealth).
 24362 | D:15     | 24362 ||| Stepping ~*~*~tactically~*~*~ (stealth).
 24388 | D:15     | 24388 ||| Stepping ~*~*~tactically~*~*~ (stealth).
 24707 | D:15     | 24707 ||| INVOKING Heroism.
 24773 | D:15     | 24773 ||| FLEEEEING.
 24774 | D:15     | 24774 ||| FLEEEEING.
 24775 | D:15     | 24775 ||| FLEEEEING.
 24776 | D:15     | 24776 ||| FLEEEEING.
 24777 | D:15     | 24777 ||| FLEEEEING.
 24778 | D:15     | 24778 ||| FLEEEEING.
 24779 | D:15     | 24779 ||| FLEEEEING.
 24780 | D:15     | 24780 ||| FLEEEEING.
 24781 | D:15     | 24781 ||| FLEEEEING.
 25016 | D:15     | 25016 ||| PLANNING ORC
 25016 | D:15     | 25016 ||| UPGRADING to +1 helmet.
 25026 | D:15     | 25026 ||| DROPPING +0 helmet.
 25027 | D:15     | 25027 ||| DRINKING 2 brown potions.
 25028 | D:15     | 25028 ||| DRINKING 2 sapphire potions.
 25259 | Orc:1    | Entered Level 1 of the Orcish Mines
 25261 | Orc:1    | 25261 ||| Stepping ~*~*~tactically~*~*~ (hiding).
 25262 | Orc:1    | 25262 ||| INVOKING Heroism.
 25331 | Orc:1    | Found Xyseicav's Gadget Gallery.
 25343 | Orc:1    | 25343 ||| INVOKING Heroism.
 25488 | Orc:2    | Entered Level 2 of the Orcish Mines
 25488 | Orc:2    | Found a staircase to the Elven Halls.
 25489 | Orc:2    | 25489 ||| INVOKING Heroism.
 25492 | Orc:2    | 25492 ||| Stepping ~*~*~tactically~*~*~ (stealth).
 25572 | Orc:2    | 25572 ||| INVOKING Heroism.
 25634 | Orc:2    | 25634 ||| FLEEEEING.
 25635 | Orc:2    | 25635 ||| FLEEEEING.
 25639 | Orc:2    | 25639 ||| INVOKING Heroism.
 25658 | Orc:2    | 25658 ||| Stepping ~*~*~tactically~*~*~ (hiding).
 25659 | Orc:2    | 25659 ||| Stepping ~*~*~tactically~*~*~ (hiding).
 25706 | Orc:2    | 25706 ||| FLEEEEING.
 25707 | Orc:2    | 25707 ||| STAIRDANCE
 25709 | Orc:1    | 25709 ||| INVOKING Heroism.
 26159 | Orc:2    | 26159 ||| INVOKING Heroism.
 26204 | Orc:2    | 26204 ||| Stepping ~*~*~tactically~*~*~ (stealth).
 26298 | Orc:2    | 26298 ||| Stepping ~*~*~tactically~*~*~ (stealth).
 26323 | Orc:2    | 26323 ||| Stepping ~*~*~tactically~*~*~ (stealth).
 26357 | Orc:2    | 26357 ||| Stepping ~*~*~tactically~*~*~ (stealth).
 26358 | Orc:2    | 26358 ||| Stepping ~*~*~tactically~*~*~ (stealth).
 26359 | Orc:2    | 26359 ||| Stepping ~*~*~tactically~*~*~ (stealth).
 26360 | Orc:2    | 26360 ||| Stepping ~*~*~tactically~*~*~ (stealth).
 26387 | Orc:2    | 26387 ||| Stepping ~*~*~tactically~*~*~ (stealth).
 26391 | Orc:2    | 26391 ||| Stepping ~*~*~tactically~*~*~ (hiding).
 26436 | Orc:2    | 26436 ||| Stepping ~*~*~tactically~*~*~ (stealth).
 26438 | Orc:2    | 26438 ||| Stepping ~*~*~tactically~*~*~ (stealth).
 26482 | Orc:2    | 26482 ||| Stepping ~*~*~tactically~*~*~ (stealth).
 26484 | Orc:2    | 26484 ||| Stepping ~*~*~tactically~*~*~ (stealth).
 26486 | Orc:2    | 26486 ||| Stepping ~*~*~tactically~*~*~ (hiding).
 26487 | Orc:2    | 26487 ||| Stepping ~*~*~tactically~*~*~ (hiding).
 26511 | Orc:2    | 26511 ||| Stepping ~*~*~tactically~*~*~ (stealth).
 26514 | Orc:2    | 26514 ||| Stepping ~*~*~tactically~*~*~ (stealth).
 26519 | Orc:2    | 26519 ||| Stepping ~*~*~tactically~*~*~ (stealth).
 26520 | Orc:2    | 26520 ||| Stepping ~*~*~tactically~*~*~ (stealth).
 26521 | Orc:2    | 26521 ||| Stepping ~*~*~tactically~*~*~ (stealth).
 26522 | Orc:2    | 26522 ||| Stepping ~*~*~tactically~*~*~ (stealth).
 26524 | Orc:2    | 26524 ||| Stepping ~*~*~tactically~*~*~ (stealth).
 26580 | Orc:2    | 26580 ||| Stepping ~*~*~tactically~*~*~ (stealth).
 26586 | Orc:2    | 26586 ||| INVOKING Heroism.
 26596 | Orc:2    | 26596 ||| Stepping ~*~*~tactically~*~*~ (hiding).
 26629 | Orc:2    | 26629 ||| Stepping ~*~*~tactically~*~*~ (stealth).
 26631 | Orc:2    | 26631 ||| Stepping ~*~*~tactically~*~*~ (stealth).
 26636 | Orc:2    | 26636 ||| FLEEEEING.
 26637 | Orc:2    | 26637 ||| FLEEEEING.
 26638 | Orc:2    | 26638 ||| FLEEEEING.
 26639 | Orc:2    | 26639 ||| FLEEEEING.
 26640 | Orc:2    | 26640 ||| FLEEEEING.
 26641 | Orc:2    | 26641 ||| STAIRDANCE
 26778 | Orc:2    | 26778 ||| INVOKING Heroism.
 26802 | Orc:2    | Noticed Saint Roka
 26803 | Orc:2    | 26803 ||| Stepping ~*~*~tactically~*~*~ (hiding).
 26807 | Orc:2    | 26807 ||| INVOKING Heroism.
 26819 | Orc:2    | HP: 17/96 [Saint Roka/+2 war axe of flaming (18)]
 26820 | Orc:2    | 26820 ||| READING 7 scrolls of teleportation.
 26820 | Orc:2    | Killed from afar by Saint Roka

Levels and vault maps discovered:
D:1:      minmay_arrival_loop, layout_basic, serial_shops,
          nicolae_shop_window_shopping, basic_ecumenical_altar
D:2:      layout_basic, serial_shops, shop_fountains,
          chequers_serial_rivers_micro_a, glass_columns_a, uniq_terence,
          uniq_robin
D:3:      layout_basic, gup_sewer_entry_spiral, uniq_natasha
D:4:      layout_loops_cross, mainiacjoe_overflow_brackets,
          gammafunk_ghost_stat_death
D:5:      layout_basic, serial_shops, nicolae_shop_window_shopping, uniq_pikel
D:6:      minmay_bubble_buster, layout_rooms, xom_butterflies,
          nicolae_overflow_crystal_walls, mainiacjoe_overflow_surrounded_room,
          minmay_temple_entry_offerings, uniq_sigmund
D:7:      layout_basic, hangedman_feature_mirror
D:8:      layout_cave_pools, cheibriados_altar_1, serial_shops, shop, shop,
          nicolae_shop_i_like_big_books, hangedman_glass_teeth,
          chequers_serial_rivers_micro_e, hangedman_decor_slide_cut,
          uniq_gastronok
D:9:      layout_roguey, grunt_temple_overflow_magic_moments,
          mainiacjoe_overflow_concentric_impassable, kennysheep_mini,
          lemuel_tele_altar, dancing_weapons_uskayaw
D:10:     layout_rooms, grunt_gozag_breadcrumbs, hiddenorc2_lemuel,
          nicolae_trove_entry_crystal, gammafunk_ghost_abyssal_escape,
          eino_house_with_fridge, uniq_fannar
D:11:     layout_roguey, grunt_lair_entry_orc_guard_hut
D:12:     layout_basic
D:13:     layout_basic, serial_shops, nicolae_square_shop, mikee_hates_you
D:14:     cheibrodos_magma_flow, layout_basic, david_vaults_4,
          chequers_serial_rivers_room_b, dreamdust_mushroom_princess,
          minivault_27, uniq_snorg
D:15:     grunt_enter_depths_giant_problem, layout_stronghold,
          nicolae_ashenzari_skybound, serial_shops, nicolae_diamond_shop
Temple:   chequers_temple_sunken
Lair:1:   layout_regular_city, lemuel_old_faithful
Lair:2:   layout_cave_pods, spider_nest_entry_funnel_web,
          gammafunk_ghost_berserking_beasts, uniq_nergalle, uniq_sonja
Lair:3:   layout_hall_layers, minmay_swamp_entry_reptiles,
          gauntlet_entry_generic, serial_bayou_shore_b
Lair:4:   layout_regular_city, slime_entry_1, lemuel_fruit_tree,
          serial_bayou_shore_a, grunt_megastairs_5
Lair:5:   evilmike_catoblepas_cave, layout_gridlike, lemuel_fruit_fields
Orc:1:    layout_caves, nicolae_shop_gadgets
Orc:2:    grunt_orc_community_town_hall, layout_caves,
          grunt_orc_community_big_house_1, grunt_orc_community_big_house_1,
          grunt_orc_community_house_3, grunt_orc_community_house_2,
          grunt_orc_community_house_2, grunt_orc_community_house_3,
          grunt_orc_community_house_1

Skill      XL: |  1  2  3  4  5  6  7  8  9 10 11 12 13 14 15 |
---------------+----------------------------------------------+-----
Axes           | 2 3 4 5 6 7 8 10 11 12 14 15 16 | 16.3
Fighting       | 4 7 8 9 10 12 | 12.0
Dodging        | 1 2 3 |  3.1
Armour         | 4 6 8 9 10 11 | 11.0
Shields        | 4 7 10 11 12 13 | 13.0
Invocations    | 1 4 5 9 10 | 10.0
Throwing       | 2 6 |  6.0

Action                   |  1- 3 |  4- 6 |  7- 9 | 10-12 | 13-15 || total
-------------------------+-------+-------+-------+-------+-------++-------
Melee: War axe           |    75 |   154 |   202 |   652 |   184 ||  1267
       Hand axe          |       |       |       |     6 |     4 ||    10
       Broad axe         |       |       |       |       |  1003 ||  1003
Throw: Boomerang         |       |       |       |    50 |    68 ||   118
       Javelin           |       |       |       |       |    37 ||    37
Invok: Heroism           |       |       |     3 |    33 |    47 ||    83
       Finesse           |       |       |       |     1 |    12 ||    13
  Use: Scroll            |     3 |     5 |     5 |    11 |     4 ||    28
       Potion            |     1 |     1 |     1 |     3 |     3 ||     9
 Stab: Confused          |       |       |       |     1 |       ||     1
       Distracted        |       |       |       |       |     1 ||     1
Armor: Scale mail        |    39 |       |       |       |       ||    39
       Chain mail        |    14 |    87 |   139 |   115 |   303 ||   658
       Plate armour      |       |       |       |   141 |   159 ||   300
Dodge: Dodged            |    39 |    54 |    79 |   204 |   430 ||   806
Block: Buckler           |    17 |    27 |    36 |    18 |       ||    98
       Kite shield       |       |       |       |   272 |   576 ||   848

Table legend:
 A = Non-vault XP
 B = Vault XP
 C = Vault XP percentage of total XP
 D = Non-vault monster count
 E = Vault monster count
 F = Vault count percentage of total count
                 A         B        C        D         E       F
            +---------+---------+-------+---------+---------+-------
      Total |   92209 |   29479 |  24.2 |     472 |     186 |  28.3
            +---------+---------+-------+---------+---------+-------
        D:1 |      29 |       0 |   0.0 |      17 |       0 |   0.0
        D:2 |      80 |      63 |  44.1 |      19 |       8 |  29.6
        D:3 |     102 |      69 |  40.4 |      20 |       6 |  23.1
        D:4 |     419 |       0 |   0.0 |      20 |       0 |   0.0
        D:5 |     793 |     641 |  44.7 |      11 |       1 |   8.3
        D:6 |    1274 |     997 |  43.9 |      17 |      15 |  46.9
        D:7 |     998 |     140 |  12.3 |      14 |       2 |  12.5
        D:8 |     788 |    1502 |  65.6 |      18 |       1 |   5.3
        D:9 |    2328 |       0 |   0.0 |      22 |       0 |   0.0
       D:10 |    1473 |    1949 |  57.0 |       9 |      45 |  83.3
       D:11 |    3955 |     806 |  16.9 |      12 |       4 |  25.0
       D:12 |    6370 |       0 |   0.0 |      19 |       0 |   0.0
       D:13 |    9482 |       0 |   0.0 |      29 |       0 |   0.0
       D:14 |    6820 |    4676 |  40.7 |      14 |      12 |  46.2
       D:15 |   13406 |    1297 |   8.8 |      35 |       1 |   2.8
     Lair:1 |    4357 |       0 |   0.0 |      21 |       0 |   0.0
     Lair:2 |    3162 |    2204 |  41.1 |      16 |       5 |  23.8
     Lair:3 |    9722 |     247 |   2.5 |      35 |       4 |  10.3
     Lair:4 |    4314 |     183 |   4.1 |      12 |       1 |   7.7
     Lair:5 |   18459 |   10393 |  36.0 |      56 |      23 |  29.1
      Orc:1 |    2061 |       0 |   0.0 |      32 |       0 |   0.0
      Orc:2 |    1817 |    4312 |  70.4 |      24 |      58 |  70.7
            +---------+---------+-------+---------+---------+-------
